Unix NetHack Version 5.0.0-0 post-release - last build Jun 10 2026 00:39:30 (3ee93aec679c4c4259841fe613dc97188e26a321,branch:main).

Game began 2026-07-09 17:05:37, ended 2026-07-10 20:39:15.

Barrb, neutral female human Barbarian

                          --------------------------
                          |.(......+...%.......`..>|
                          |.----------------.......|
                          |.|         ------.-------
                          |.|         |...........|
                          |.|         |`.........`|
                          |.|         |----.--------
                          |E|         |............|
                          |.|         |............|
                          |.|------   --------.-----
                          |.|.`$$$|--  |..........|
                          |.|$$$..-.|  |..........|
                          |%|.F...|-|  --.........|
                          |@Y.....-?|   ----.-------
                          --|.....|-|     |.......*|
                            |$....-.|     |...[[...|
                            |...$.|--     ------...|
                            -------            -----
Barrb the Brigand          St:25 Dx:14 Co:18 In:5 Wi:6 Ch:8  Neutral
Dlvl:3  $:0  HP:0(110) Pw:18(18) AC:0  Xp:10 T:14852  Stressed

Latest messages:
 The rabid rat bites!
 The rabid rat bites!
 You miss the rabid rat.
 The rabid rat bites!
 The rabid rat misses!
 You smite the rabid rat!
 The rabid rat bites!
 You kill the rabid rat!
 You kill the goblin!
 In what direction? 6
 The door resists!
 The ape hits!
 The ape hits again!
 The ape bites!
 You smite the ape!
 The ape hits!
 The ape hits again!
 The ape bites!
 You miss the ape.
 The ape hits!
 The ape hits again!
 The ape misses!
 You miss the ape.
 The ape hits!
 The ape hits again!
 The ape bites!
 The ape hits!
 The ape hits again!
 The ape bites!
 You smite the ape!
 The ape hits!
 The ape hits again!
 The ape bites!
 The ape hits!
 The ape hits again!
 The ape misses!
 You miss the ape.
 The ape hits!
 The ape hits again!
 The ape bites!
 The ape hits!
 The ape hits again!
 The ape just misses!
 Are you sure you want to pray? [yn] (n) y
 You begin praying to Crom.
 The ape hits!
 The ape hits again!
 The ape bites!
 You die...
 Do you want your possessions identified? [ynq] (y) q

Inventory:
 Weapons  (')')
  S - 8 poisoned +0 orcish arrows
  z - 73 +0 darts (at the ready)
  b - a +0 axe (alternate weapon; not wielded)
  a - a rusty corroded +0 two-handed sword (weapon in hands)
 Armor    ('[')
  d - an uncursed greased +0 dwarvish iron helm (being worn)
  X - an uncursed rusty +0 pair of gauntlets of power (being worn)
  G - an uncursed +0 pair of iron shoes (being worn)
  t - an uncursed greased thoroughly burnt +0 cloak of protection (being worn)
  h - a blessed +0 dwarvish mithril-coat (being worn)
 Comestibles  ('%')
  m - an uncursed carrot
  w - an uncursed cram ration
  U - 6 uncursed food rations
  j - 6 uncursed tripe rations
  s - an uncursed lizard corpse
 Scrolls  ('?')
  l - an uncursed scroll of earth
  K - an uncursed scroll of identify
 Potions  ('!')
  p - 8 uncursed potions of healing
  i - an uncursed potion of invisibility
  R - a blessed potion of object detection
  q - an uncursed potion of paralysis
 Rings    ('=')
  k - an uncursed ring of polymorph control
  O - an uncursed ring of polymorph control
  C - a cursed ring of warning
 Wands    ('/')
  o - a wand of striking (0:1)
 Tools    ('(')
  Z - a blessed bag of holding containing 38 items
  e - an empty uncursed bag of holding
  v - a blessed can of grease (0:21)
  g - a cursed lock pick
  E - an uncursed magic whistle
  J - a cursed oil lamp
  Y - a +0 pick-axe
  W - an uncursed tin whistle
 Gems/Stones  ('*')
  Q - 5 cursed worthless pieces of blue glass
  x - an uncursed flint stone
  D - an uncursed luckstone

Contents of the bag of holding:
  5681 gold pieces
  34 +0 arrows
  13 cursed -1 darts
  a blessed +1 pair of leather gloves
  an uncursed +0 pair of water walking boots
  3 uncursed food rations
  an uncursed food ration
  an uncursed tin of kobold meat
  an uncursed scroll of enchant armor
  an uncursed scroll of destroy armor
  an uncursed scroll of remove curse
  2 blessed scrolls of create monster
  an uncursed scroll of create monster
  an uncursed scroll of fire
  an uncursed scroll of enchant weapon
  an uncursed scroll of light
  a blessed scroll of identify
  a blessed scroll of teleportation
  4 uncursed scrolls of teleportation
  a blessed potion of object detection
  a wand of lightning (0:0)
  a wand of speed monster (0:4)
  a wand of speed monster (0:1)
  a can of grease (0:11)
  a magic marker (0:71)
  a blessed oil lamp
  an uncursed worthless piece of black glass
  3 uncursed worthless pieces of green glass
  2 uncursed worthless pieces of orange glass
  an uncursed jasper stone
  2 uncursed rubies
  4 uncursed worthless pieces of violet glass
  2 uncursed diamonds
  an uncursed worthless piece of white glass
  an uncursed worthless piece of yellow glass
  an uncursed citrine stone
  2 uncursed worthless pieces of yellowish brown glass
  2 uncursed worthless pieces of blue glass

Barrb the Barbarian's attributes:

Background:
 You were a Brigand, a level 10 female human Barbarian.
 You were neutral, on a mission for Crom
 who was opposed by Mitra (lawful) and Set (chaotic).
 You were right-handed.
 You were in Sokoban, on level 3.
 You entered the dungeon 14852 turns ago.
 You had 6602 experience points, 3398 more were needed to attain level 11.

Basics:
 You had 0 out of 110 hit points.
 You had all 18 energy points (spell power).
 Your armor class was 0.
 Your wallet was empty, but
 you had 5681 zorkmids stashed away in your pack.
 Autopickup was off.

Final Characteristics:
 Your strength was 25 (base:18/02, innate limit:18/100).
 Your dexterity was 14 (base:15, peak:16, limit:18).
 Your constitution was 18 (limit:18).
 Your intelligence was 5 (peak:7, limit:18).
 Your wisdom was 6 (peak:8, limit:18).
 Your charisma was 8 (limit:18).

Final Status:
 You had wounded legs.
 You weren't hungry.
 You were stressed; movement was moderately slowed.
 You were wielding a two-handed sword.
 You were skilled in two-handed sword and could have enhanced that.

Final Attributes:
 You were piously aligned.
 You were cold resistant.
 You were sleep resistant.
 You were poison resistant.
 You were telepathic.
 You were protected.
 You were fast.
 You were unlucky.
 You had extra luck.
 Bad luck did not time out for you.
 Good luck did not time out for you.
 You are dead.

Miscellaneous:
 You encountered 1 bones level.
 Total elapsed playing time was 5 hours, 12 minutes and 8 seconds.

Major events:
 Turn
    1: Barrb the neutral female human Barbarian entered the dungeon
  263: entered the Gnomish Mines
 1160: attained the rank of Pillager (level 3)
 3061: attained the rank of Bandit (level 6)
 5164: found Giantslayer on the floor
 5275: reached Mine Town
 6029: made her first wish - "blessed bag of holding", got "a bag"
 6981: acquired the Mines' End luckstone
10487: entered Sokoban
10911: completed 1st Sokoban level
11829: completed 2nd Sokoban level
12622: completed 3rd Sokoban level
12889: attained the rank of Brigand (level 10)
13640: completed 4th Sokoban level
14852: killed by an ape, while praying

You didn't know any spells.

Skills:
 Fighting Skills
   bare handed combat [Basic]
   two weapon combat  [Unskilled]
   riding             [Unskilled]
 Weapon Skills
   dagger             [Unskilled]
   axe                [Basic]
   pick-axe           [Unskilled]
   short sword        [Unskilled]
   broadsword         [Unskilled]
   long sword         [Unskilled]
   two-handed sword   [Skilled]
   saber              [Unskilled]
   club               [Unskilled]
   mace               [Unskilled]
   morning star       [Unskilled]
   flail              [Unskilled]
   hammer             [Unskilled]
   quarterstaff       [Unskilled]
   spear              [Unskilled]
   trident            [Unskilled]
   bow                [Unskilled]
 Spellcasting Skills
   attack spells      [Unskilled]
   escape spells      [Unskilled]

Voluntary challenges:
 Character rerolling was not enabled.
 You never genocided any monsters.
 You never polymorphed an object.
 You never changed form.
 You used 1 wish.
 You did not wish for any artifacts.
 You violated the special Sokoban rules 6 times.
Achievements:
 You entered the Gnomish Mines.
 You entered a shop.
 You attained the rank of Pillager.
 You attained the rank of Bandit.
 You entered Minetown.
 You entered a temple.
 You completed the Gnomish Mines.
 You entered Sokoban.
 You attained the rank of Brigand.

 The Dungeons of Doom: levels 1 to 7
    Level 1:
       A fountain.
    Level 2:
       A fountain, a grave.
       Stairs down to The Gnomish Mines.
    Level 3:
       A general store.
    Level 4:
    Level 5:
       A throne.
    Level 6:
       A fountain.
    Level 7:
       Stairs up to Sokoban, level 6.
 The Gnomish Mines: levels 3 to 10
    Level 3:
    Level 4:
    Level 5:
       Final resting place for
          Lanfaedhe-Hea-Gno-Mal-Neu, killed by a goblin.
    Level 6:
       Many shops, a temple and an altar, some fountains.
    Level 7:
    Level 8:
    Level 9:
    Level 10:
       A fountain.
 Sokoban: levels 6 up to 3
    Level 3: <- You were here.
       Solved.
       Final resting place for
          you, killed by an ape, while praying.
    Level 4:
       Solved.
    Level 5:
       Solved.
    Level 6:
       Solved.


Vanquished creatures:
  a master mind flayer
  a vampire
  a ghost
  a giant mimic
  a wumpus
  2 stalkers
 an earth elemental
  a winter wolf
  2 small mimics
  a xan
  3 ettin mummies
  3 ogre leaders
  a troll
  a wood golem
  a large cat
  2 tigers
  a dwarf ruler
  3 tengu
  a red naga
  2 ettin zombies
  a crocodile
  a giant beetle
  a cockatrice
  a winter wolf cub
  2 orc-captains
  2 giant spiders
 an ice vortex
  a gnome ruler
  a dwarf mummy
  2 brown puddings
  2 rust monsters
  4 yetis
  2 gold golems
  2 lizards
  2 chickatrices
  a jaguar
  2 dwarf leaders
  2 dust vortices
  a raven
  4 gnome mummies
  3 snakes
  2 human zombies
  a Woodland-elf
 13 bugbears
  2 imps
  a quasit
  2 mountain nymphs
  3 Uruk-hai
 an orc shaman
  3 rock piercers
  3 rock moles
  a pony
  2 fog clouds
  a yellow light
  2 shriekers
  a violet fungus
 10 gnome leaders
  4 gnomish wizards
  3 kobold mummies
  2 gray oozes
 an elf zombie
  3 ghouls
  a straw golem
 12 giant ants
  3 little dogs
  3 floating eyes
 16 dwarves
  3 homunculi
  3 kobold leaders
  a kobold shaman
 12 hill orcs
 10 rothes
  a rabid rat
  2 giant bats
  4 monkeys
  3 wererats
  4 werejackals
  2 iguanas
 16 killer bees
  3 acid blobs
  5 coyotes
  2 gas spores
  2 hobbits
  7 manes
 13 hobgoblins
  6 giant rats
  8 cave spiders
  2 brown molds
  a yellow mold
  2 green molds
  3 red molds
 53 gnomes
  a garter snake
  9 geckos
  6 jackals
  a kobold
  4 goblins
  a sewer rat
  7 grid bugs
  a bat
  4 lichens
  a kobold zombie
  8 newts
375 creatures vanquished.

No species were genocided or became extinct.

Game over:
                       ----------
                      /          \
                     /    REST    \
                    /      IN      \
                   /     PEACE      \
                  /                  \
                  |      Barrb       |
                  |     5681 Au      |
                  | killed by an ape |
                  |                  |
                  |                  |
                  |                  |
                  |       2026       |
                 *|     *  *  *      | *
        _________)/\\_//(\/(/\)/\//\/|_)_______

Goodbye Barrb the Barbarian...

You died in Sokoban on dungeon level 3 with 34169 points,
and 5681 pieces of gold, after 14852 moves.
You were level 10 with a maximum of 110 hit points when you died.

